 Dungeon Crawl Stone Soup version 0.29.1-15-g9cfb28693d (webtiles) character file.

Game seed: 12360165216446154278

91 adizb the Trooper (level 4, -1/37 HPs)
             Began as a Demonspawn Fighter on Apr 22, 2023.
             Killed by divine providence
             ... invoked by an orc priest
              (15 damage)
             ... on level 3 of the Dungeon.
             The game lasted 00:07:13 (1702 turns).

adizb the Trooper (Demonspawn Fighter)              Turns: 1702, Time: 00:07:13

Health: -1/37      AC:  6    Str: 19    XL:     4   Next: 33%
Magic:  4/4        EV:  9    Int:  9    God:
Gold:   103        SH:  4    Dex: 12    Spells: 3/3 levels left

rFire   + . .      SeeInvis .   a - +0 war axe
rCold   + . .      Faith    .   c - +0 buckler
rNeg    . . .      Spirit   .   b - +0 scale mail
rPois   .          Reflect  .   (helmet restricted)
rElec   .          Harm     .   (no cloak)
rCorr   .          Rampage  .   (no gloves)
Will    .....                   (no boots)
Stlth   ..........              (no amulet)
HPRegen 0.12/turn               f - ring of protection from fire
MPRegen 0.09/turn               o - ring of protection from cold

@: no status effects
A: horns 1
a: no special abilities


You were on level 3 of the Dungeon.
You visited 1 branch of the dungeon, and saw 3 of its levels.

You collected 103 gold pieces.

Inventory:

Hand Weapons
 a - a +0 war axe (weapon)
 i - a +0 halberd
Missiles
 l - 5 poisoned darts (quivered)
Armour
 b - a +0 scale mail (worn)
 c - a +0 buckler (worn)
Jewellery
 f - a ring of protection from fire (left hand)
 o - a ring of protection from cold (right hand)
Wands
 j - a wand of iceblast (10)
Scrolls
 g - a scroll of amnesia {unknown}
 h - a scroll of magic mapping {unknown}
 m - a scroll of identify {unknown}
Potions
 d - a potion of might
 e - a potion of haste {unknown}
 k - 2 potions of curing {unknown}
 n - 2 potions of attraction {unknown}


   Skills:
 * Level 4.2 Fighting
 + Level 2.5 Axes
 + Level 3.2 Armour
 - Level 2.6 Shields


You had 3 spell levels left.
You didn't know any spells.
Your spell library was empty.

Dungeon Overview and Level Annotations

Branches:
Dungeon (3/15)

Altars:

Annotations:
D:3 1 transporter, Seidenschwarz's ghost, amateur DECj


Innate Abilities, Weirdness & Mutations

You have a pair of small horns on your head.


Message History

You hit the orc but do no damage.
The orc is severely wounded.
The orc closely misses you.
You slash the orc!
You kill the orc!
The orc priest calls down the wrath of Beogh upon you.
Pain shoots through your body!
The orc priest hits you with a +0 dagger.
Things that are here:
a +0 flail; a +0 ring mail; a +0 flail You closely miss the orc priest.
Your headbutt misses the orc priest.
The orc priest hits you with a +0 dagger.
The orc priest closely misses you.
You closely miss the orc priest.
The orc priest invokes the aid of Beogh against you.
Pain shoots through your body!
You hit the orc priest but do no damage.
The orc priest barely misses you.
The orc priest hits you with a +0 dagger.
You hit the orc priest but do no damage.
Your headbutt misses the orc priest. The orc priest barely misses you.
You barely miss the orc priest. You block the orc priest's attack.
The orc priest hits you with a +0 dagger.
You closely miss the orc priest. The orc priest barely misses you.
You completely miss the orc priest. You headbutt the orc priest.
The orc priest is moderately wounded.
The orc priest barely misses you.
You hit the orc priest but do no damage.
You headbutt the orc priest.
The orc priest is heavily wounded.
The orc priest hits you with a +0 dagger.
The orc priest barely misses you.
You closely miss the orc priest. Your headbutt misses the orc priest.
The orc priest is heavily wounded.
The orc priest misses you.
You hit the orc priest.
The orc priest is heavily wounded.
The orc priest invokes the aid of Beogh against you.
Beogh smites you!
You die...

#########
#........ #<#
#@# #o# #.# #.#
#.# ####.#
#....#
.............{.
.......©...o..o


You could see an orc priest.

Vanquished Creatures
  An orc wizard (D:2)
  An adder (D:2)
  3 worms (D:2)
  2 dart slugs
  2 orcs (D:3)
  2 ball pythons (D:1)
  4 bats
  3 endoplasms
  A giant cockroach (D:2)
  2 goblins
  3 hobgoblins
  7 jackals
  A quokka (D:2)
  5 kobolds
  3 rats
40 creatures vanquished.

Notes
Turn   | Place    | Note
-------+----------+-------------------------------------------
     0 | D:1      | adizb the Demonspawn Fighter began the quest for the Orb.
     0 | D:1      | Reached XP level 1. HP: 18/18 MP: 1/1
    66 | D:1      | Found a faded altar of an unknown god.
   200 | D:1      | Gained mutation: You have a pair of small horns on your
                  | head. [demonic ancestry]
   200 | D:1      | Reached XP level 2. HP: 9/24 MP: 2/2
   836 | D:2      | Reached XP level 3. HP: 30/30 MP: 3/3
  1233 | D:2      | Reached skill level 4 in Fighting
  1541 | D:3      | Found a transporter.
  1543 | D:3      | Noticed Seidenschwarz's ghost (amateur DECj)
  1574 | D:2      | Reached XP level 4. HP: 23/37 MP: 4/4
  1702 | D:3      | Killed from afar by an orc priest

Illustrated notes

Levels and vault maps discovered:
D:1:      dpeg_arrival_round_c, layout_loops_ring,
          hellmonk_ecumenical_altar_run_dry
D:2:      minmay_chambers_of_ones, layout_rooms, minivault_27
D:3:      layout_loops_ring, nicolae_hepliaklqana_hippocampus, zin_angel,
          serial_shops, shop, gammafunk_ghost_mausoleum,
          minmay_shallow_snake_nest, uniq_natasha

Skill      XL: |  1  2  3 |
---------------+----------+-----
Axes           | 2 |  2.5
Armour         | 3 |  3.2
Fighting       | 4 |  4.2
Shields        | |  2.6

Action                   |  1- 3 |  4- 6 || total
-------------------------+-------+-------++-------
Melee: War axe           |   126 |    13 ||   139
       Headbutt          |     9 |     2 ||    11
  Use: Scroll            |     3 |       ||     3
       Potion            |     1 |       ||     1
Armor: Scale mail        |    90 |     1 ||    91
Dodge: Dodged            |    59 |    10 ||    69
Block: Buckler           |    33 |     1 ||    34
